 Dungeon Crawl Stone Soup version 0.17-a0-622-g12d63cc (webtiles) character file.

56 topher the Ruffian (level 3, -5/24 HPs)
             Began as a Gargoyle Monk on Apr 16, 2015.
             Slain by an orc priest
             ... wielding a +0 trident
              (6 damage)
             ... on level 6 of the Dungeon.
             The game lasted 00:16:21 (1133 turns).

topher the Ruffian (Gargoyle Monk)                  Turns: 1133, Time: 00:16:22

Health: -5/24      AC:  6    Str: 15    XL:     3   Next: 95%
Magic:  1/3        EV: 12    Int: 15    God:
Gold:   80         SH:  0    Dex: 12    Spells: 1 memorised, 1 level left

rFire  . . .     SeeInvis .       - Unarmed
rCold  . . .     Clarity  .     q - +0 leather armour (curse)
rNeg   + . .     SustAb   .     (no shield)
rPois  ∞         Gourm    .     (no helmet)
rElec  +         Spirit   .     (no cloak)
rCorr  .         Warding  .     (no gloves)
rMut   .         Stasis   .     (no boots)
MR     .....                    (no amulet)
Stlth  ++........               (no ring)
                                (no ring)

@: brilliant, very slightly contaminated, not resistant to hostile enchantments,
unstealthy
A: negative energy resistance 1, electricity resistance, unbreathing,
petrification resistance, rot immunity, AC +3
a: no special abilities


You were on level 6 of the Dungeon.
You were very full.

You visited 1 branch of the dungeon, and saw 6 of its levels.

You collected 80 gold pieces.

Inventory:

Hand weapons
 a - a +0 dagger of venom
 h - a +0 short sword
 j - a +0 dagger
 m - a +1 dagger of protection
 p - a +0 dagger
Missiles
 i - 9 poisoned sling bullets
 k - 8 sling bullets
Armour
 c - a +0 robe
 g - a +0 chain mail
 q - a cursed +0 leather armour (worn)
Potions
 n - a potion of might
Books
 r - a book of Air

   Spells                             Type                      Level
   a - Shock                          Conjuration/Air              1
   b - Swiftness                      Charms/Air                   2
   c - Repel Missiles                 Charms/Air                   2
   d - Flight                         Charms/Air                   3
   e - Static Discharge               Conjuration/Air              3
   f - Lightning Bolt                 Conjuration/Air              5
Comestibles
 b - a bread ration


   Skills:
 + Level 3.7 Fighting
 + Level 0.2 Armour
 + Level 2.8 Dodging
 + Level 2.1 Stealth
 + Level 4.7 Unarmed Combat
 + Level 0.1 Spellcasting


You had one spell level left.
You knew the following spells:

 Your Spells              Type           Power        Failure   Level  Hunger
a - Shock                 Conj/Air       #...         4%          1    ##.....


Dungeon Overview and Level Annotations

Branches:
Dungeon (6/15)
 Temple: D:4-7

Altars:
Kikubaaqudgha
Trog


Innate Abilities, Weirdness & Mutations

You are resistant to torment.
Your stone body is resilient (AC +3).
You are immune to poison.
You resist negative energy.
You are resistant to electric shocks.
You can survive without breathing.
You are immune to petrification.
You are immune to rotting.


Message History

The orc priest hits you from afar with a trident.
The orc warrior hits you with a short sword of flaming.
The orc warrior burns you.
* * * LOW HITPOINT WARNING * * *
Drink which item? (? for menu, Esc to quit)
It was a potion of brilliance.
You feel clever all of a sudden. Something hits you but does no damage.
The orc priest glows brightly for a moment.
The orc warrior hits you with a short sword of flaming.
* * * LOW HITPOINT WARNING * * *
The orc warrior burns you.
* * * LOW HITPOINT WARNING * * *
Something hits you.
* * * LOW HITPOINT WARNING * * *
You barely miss the orc warrior.
The orc warrior is lightly wounded.
Something hits you but does no damage.
The orc priest hits you from afar with a trident.
You die...

##################
...............o@#
################.#
#o# #o# #o# #r# ##
#.# ... #.# ## #.#


You could see an orc warrior (inner flame), an orc priest (inner flame), 2 orcs
and a rat (inner flame).

Vanquished Creatures
  A hound (D:4)
  A giant gecko (D:5)
  An orc (D:3)
  A giant cockroach (D:1)
  4 goblins
  3 hobgoblins
  A bat (D:1)
  A jackal skeleton (D:5)
  3 kobolds (D:1)
  A quokka skeleton (D:4)
  4 rats
21 creatures vanquished.

Notes
Turn   | Place    | Note
--------------------------------------------------------------
     0 | D:1      | topher, the Gargoyle Monk, began the quest for the Orb.
     0 | D:1      | Reached XP level 1. HP: 14/14 MP: 1/1
   329 | D:1      | Reached XP level 2. HP: 19/19 MP: 2/2
   518 | D:2      | Found an ancient bone altar of Kikubaaqudgha.
   618 | D:3      | Found a bloodstained altar of Trog.
   725 | D:3      | Learned a level 1 spell: Shock
   765 | D:4      | Reached XP level 3. HP: 10/24 MP: 3/3
   826 | D:5      | Entered Level 5 of the Dungeon
  1111 | D:6      | Noticed an orc warrior
  1132 | D:6      | HP: 1/24 [something (3)]
  1133 | D:6      | Slain by an orc priest

Action                   || total
-------------------------++-------
Melee: Unarmed           ||    57
       Dagger            ||    61
 Cast: Shock             ||     4
  Use: Scroll            ||     5
       Potion            ||     4
  Eat: Meat ration       ||     1
       Pizza             ||     1
       Beef jerky        ||     1
